 Dungeon Crawl Stone Soup version 0.29-a0-275-g389c0b56f3 (webtiles) character file.

Game seed: 17306047540981950006

3911 spaghetti the Basher (level 10, -2/126 HPs)
             Began as a Naga Berserker on Mar 10, 2022.
             Was an Elder of Trog.
             Slain by a killer bee (6 damage)
             ... on level 8 of the Dungeon.
             The game lasted 00:15:42 (10464 turns).

spaghetti the Basher (Naga Berserker)              Turns: 10464, Time: 00:15:42

Health: -2/126     AC: 10    Str: 28    XL:     10   Next: 20%
Magic:  10/10      EV:  8    Int:  7    God:    Trog [****..]
Gold:   674        SH:  9    Dex: 11    Spells: 9/9 levels left

rFire   . . .      SeeInvis +   a - +2 whip (elec) {mace}
rCold   + . .      Faith    .   v - +0 kite shield
rNeg    . . .      Spirit   .   q - +1 leather armour "Pycopec" {Slay+2}
rPois   +          Reflect  .   (no helmet)
rElec   +          Harm     .   (no cloak)
rCorr   +          Rampage  .   (no gloves)
Will    +....      NoCast   +   B - +0 barding of the Other Side {-Cast rElec Str+4}
Stlth   ..........              (no amulet)
HPRegen 0.31/turn               m - ring of resist corrosion
MPRegen 0.12/turn               r - ring of protection from cold

@: berserking, lethally poisoned (-2 -> -8), quick
A: AC +3, large, see invisible, deformed body, poison resistance, slowness 2,
spit poison 1, naga tail 1
a: Spit Poison, Renounce Religion, Berserk, Trog's Hand, Brothers in Arms


You were on level 8 of the Dungeon.
You worshipped Trog.
Trog was greatly pleased with you.
You visited 1 branch of the dungeon, and saw 9 of its levels.

You collected 674 gold pieces.


Innate Abilities, Weirdness & Mutations

Your serpentine skin is tough. (AC +3)
You have supernaturally acute eyesight. (SInv)
Armour fits poorly on your strangely shaped body.
Your system is resistant to poisons. (rPois)
You cover ground very slowly.
You can spit poison.
You have a snake-like lower body.


   Skills:
 - Level 3.0 Fighting
 + Level 11.0 Maces & Flails
 - Level 1.5 Armour
 + Level 6.5 Dodging
 + Level 5.1 Shields


You had 9 spell levels left.
You didn't know any spells.
Your spell library contained the following spells:

 Spells                   Type           Power      Damage    Failure   Level
 Chain Lightning          Conj/Air       0%         N/A       100%        9
 Fire Storm               Conj/Fire      0%         5d1       100%        9
 Shatter                  Erth           0%         3d5*      100%        9

Inventory:

Hand Weapons
 a - a +2 whip of electrocution (weapon) {mace}
   (You took it off a kobold on level 6 of the Dungeon)
 n - a +1 flail of draining {mace}
   (You found it on level 3 of the Dungeon)
Missiles
 c - 321 stones {throwing}
 i - 21 boomerangs {throwing}
 t - 2 datura-tipped darts {throwing}
 w - 7 throwing nets {=f!fthrowing}
 A - 37 poisoned darts {throwing}
 G - 4 javelins {throwing}
 H - 16 boomerangs of dispersal {=f!fthrowing}
Armour
 b - a +0 animal skin
 p - the +3 leather armour of Surprise {Str+3}
   (You found it on level 5 of the Dungeon)

   Str:       It affects your strength (+3).
 q - the +1 leather armour "Pycopec" (worn) {Slay+2}
   (You found it on level 4 of the Dungeon)

   Slay:      It affects your accuracy & damage with ranged weapons and melee
   (+2).
 v - a +0 kite shield (worn)
   (You took it off a gnoll sergeant on level 5 of the Dungeon)
 B - the +0 barding of the Other Side (worn) {-Cast rElec Str+4}
   (You acquired it on level 6 of the Dungeon)

   Str:       It affects your strength (+4).
   rElec:     It insulates you from electricity.
   -Cast:     It prevents spellcasting.
 M - a +0 plate armour
   (You found it on level 8 of the Dungeon)
Magical Staves
 j - a staff of poison {forbidden!astaff}
   (You found it on level 2 of the Dungeon)
 k - a staff of earth {forbidden!astaff}
   (You found it on level 2 of the Dungeon)
Jewellery
 e - a ring of fire
   (You found it on level 1 of the Dungeon)
 m - a ring of resist corrosion (left hand)
   (You found it on level 3 of the Dungeon)
 r - a ring of protection from cold (right hand)
   (You found it on level 4 of the Dungeon)
 y - a +6 ring of strength
   (You took it off an orc on level 5 of the Dungeon)
Wands
 d - a wand of acid (10)
   (You found it on level 2 of the Dungeon)
 I - a wand of iceblast (9)
   (You found it on level 7 of the Dungeon)
 J - a wand of flame (8)
   (You found it on level 8 of the Dungeon)
Scrolls
 f - a scroll of fear
 g - 2 scrolls of immolation {!r!r}
 h - 3 scrolls of enchant armour
 l - 3 scrolls of holy word
 u - 2 scrolls of vulnerability {!r!r}
 C - a scroll of teleportation {@r4}
 K - 2 scrolls of identify {@r1}
Potions
 o - 2 potions of curing {@q1}
 s - 3 potions of brilliance
 x - a potion of flight
 z - 2 potions of heal wounds {@q2}
 D - a potion of lignification {!q}
 E - a potion of resistance
 F - a potion of berserk rage {!q}
 L - a potion of haste {@q3}

Dungeon Overview and Level Annotations

Branches:
Dungeon (9/15)             Temple (0/1) D:5
   Lair: D:8-11         Orc: D:9-12

Altars:
Elyvilon
Makhleb
Okawaru
Xom

#.......# #... #.......#
#### #####.......########
#...........#.......
#...........#.######
###.....#####.#.#....#
#.......##..#.#.#.##.#
#....†..##..#.#.#.#.)#
#...#@†.............)'
#...#y##....#.#####.##
#...#.##.#.##.#####.##
#####...#.##.#.##.....#.##
#.........................
#.#######.##.#############
#.# #.##.............. #.#
#.##..############
#.#######.##..# #....


You could see a killer bee.


Message History

* * * LOW HITPOINT WARNING * * *
😨 HP[+11]
You now have 126 max hp (+42).
You regained 11 hp, and now have 61/126 hp.
You whack the wyvern! You block the killer bee's attack.
The wyvern barely misses you. The killer bee barely misses you.
The killer bee stings you.
* * * LOW HITPOINT WARNING * * *
You are poisoned.
The killer bee poisons you! 😨 HP[-3]
You take 3 damage, and now have 58/126 hp.
You whack the wyvern!
You feel sick. The killer bee stings you.
* * * LOW HITPOINT WARNING * * *
The killer bee stings you but does no damage.
You block the killer bee's attack. The wyvern bites you.
* * * LOW HITPOINT WARNING * * *
😨 HP[-6]
You take 6 damage, and now have 52/126 hp.
You closely miss the wyvern.
You feel sick. The killer bee stings you.
* * * LOW HITPOINT WARNING * * *
The killer bee stings you.
* * * LOW HITPOINT WARNING * * *
You are more poisoned.
The killer bee poisons you! The killer bee stings you.
* * * LOW HITPOINT WARNING * * *
😨 HP[-12]
You take 12 damage, and now have 40/126 hp.
You whack the wyvern!
You kill the wyvern!
Trog accepts your kill.
You feel sick.
The killer bee stings you but does no damage. x2
The killer bee stings you.
* * * LOW HITPOINT WARNING * * *
You are more poisoned.
The killer bee poisons you!
Your Maces & Flails skill increases to level 11! 😨 HP[-6]
You take 6 damage, and now have 34/126 hp.
Unknown command.
You are too berserk!
You hit the killer bee.
You feel sick. The killer bee stings you.
* * * LOW HITPOINT WARNING * * *
The killer bee stings you.
* * * LOW HITPOINT WARNING * * *
The killer bee stings you.
* * * LOW HITPOINT WARNING * * *
😱 HP[-6]
You take 6 damage, and now have 28/126 hp.
You completely miss the killer bee.
You feel sick. 😱 HP[-1]
You take 1 damage, and now have 27/126 hp.
You closely miss the killer bee.
You feel sick. The killer bee barely misses you. The killer bee stings you.
* * * LOW HITPOINT WARNING * * *
The killer bee stings you but does no damage. 😱 HP[-6]
You take 6 damage, and now have 21/126 hp.
You whack the killer bee!
You kill the killer bee!
Trog accepts your kill.
You feel sick. The killer bee barely misses you.
You block the killer bee's attack. 😱 HP[-2]
You take 2 damage, and now have 19/126 hp.
You barely miss the killer bee.
You feel sick. The killer bee stings you.
* * * LOW HITPOINT WARNING * * *
You block the killer bee's attack. 😱 HP[-2]
You take 2 damage, and now have 17/126 hp.
You miss the killer bee.
You feel sick. The killer bee stings you!
* * * LOW HITPOINT WARNING * * *
The killer bee stings you but does no damage. 😱 HP[-10]
You take 10 damage, and now have 7/126 hp.
Unknown command.
You are too berserk!
You closely miss the killer bee.
* * * LOW HITPOINT WARNING * * *
You feel sick. You block the killer bee's attack.
The killer bee stings you but does no damage. 😱 HP[-1]
You take 1 damage, and now have 6/126 hp.
Okay, then.
You closely miss the killer bee.
* * * LOW HITPOINT WARNING * * *
You feel sick. 😱 HP[-1]
You take 1 damage, and now have 5/126 hp.
Unknown command.
You are too berserk!
You thrash the killer bee!!
Lightning courses through the killer bee!
You kill the killer bee!
Trog accepts your kill.
You can now call in reinforcements.
* * * LOW HITPOINT WARNING * * *
You feel sick. The killer bee stings you.
You die...

Skill      XL: |  1  2  3  4  5  6  7  8  9 10 |
---------------+-------------------------------+-----
Maces & Flails | 4 5 7 8 9 10 11 | 11.0
Dodging        | 3 4 6 |  6.5
Shields        | 2 4 5 |  5.1
Fighting       | |  3.0
Armour         | |  1.5

Action                   |  1- 3 |  4- 6 |  7- 9 | 10-12 || total
-------------------------+-------+-------+-------+-------++-------
Melee: Mace              |    73 |    46 |       |       ||   119
       Flail             |       |    58 |   174 |       ||   232
       Punch             |       |     1 |     1 |       ||     2
       Whip              |       |       |   237 |    55 ||   292
Invok: Berserk           |       |     6 |     8 |     3 ||    17
       Trog's Hand       |       |       |     2 |       ||     2
 Abil: Spit Poison       |    19 |    16 |    29 |       ||    64
Evoke: Wand              |       |       |     4 |       ||     4
  Use: Scroll            |     6 |       |     7 |       ||    13
       Potion            |     1 |     2 |     5 |       ||     8
 Stab: Sleeping          |       |     1 |       |       ||     1
Armor: Animal skin       |    18 |    15 |     2 |       ||    35
       Skin              |     7 |       |       |       ||     7
       Leather armour    |       |       |   106 |    29 ||   135
Dodge: Dodged            |    45 |    50 |   161 |    27 ||   283
Block: Kite shield       |       |       |    99 |    36 ||   135

Levels and vault maps discovered:
D:1:      psy_arrival_terrarium, layout_loops_ring
D:2:      layout_rooms, chequers_ecumenical_altar_simple
D:3:      layout_rooms, grunt_temple_overflow_champion_of_chaos,
          cheibrodos_sewer_entry_bend, hex_large
D:4:      layout_rooms, okawaru_ov_weapons_minmay, amcnicky_altar_gilded,
          corner_web_ring
D:5:      layout_cave_pools, minmay_temple_entry_offerings, serial_gnoll_camp,
          gnoll_camp_medium_01, gnoll_camp_mini_loothouse, gnoll_camp_medium_02,
          gnoll_camp_mini_hut, gnoll_camp_mini_doghouse,
          grunt_decor_mini_mirrors, uniq_edmund
D:6:      layout_rooms
D:7:      layout_loops_corners, minmay_unpleasant_kobolds
D:8:      layout_basic
D:9:      layout_small_grid, nicolae_overflow_hallway_of_the_gods, orc_0_dummy,
          uniq_joseph

Notes
Turn   | Place    | Note
-------+----------+-------------------------------------------
     0 | D:1      | spaghetti the Naga Berserker began the quest for the Orb.
     0 | D:1      | Reached XP level 1. HP: 21/21 MP: 1/1
     0 | D:1      | magus.rc [v1.9.6]
   300 | D:1      | Reached XP level 2. HP: 15/28 MP: 2/2
   486 | D:1      | HP: 6/28 [quokka (2)]
   901 | D:1      | Reached skill level 4 in Maces & Flails
  1042 | D:1      | Reached XP level 3. HP: 34/34 MP: 3/3
  1233 | D:2      | Found a faded altar of an unknown god.
  1773 | D:2      | Reached XP level 4. HP: 42/42 MP: 4/4
  1782 | D:2      | Reached ** piety under Trog
  2039 | D:3      | Reached skill level 5 in Maces & Flails
  2251 | D:3      | Reached XP level 5. HP: 31/49 MP: 5/5
  2615 | D:3      | Found a burning altar of Makhleb.
  2616 | D:3      | Found a shimmering altar of Xom.
  2634 | D:3      | Reached skill level 6 in Maces & Flails
  3073 | D:4      | Noticed an orc warrior
  3290 | D:4      | Noticed an ogre
  3298 | D:4      | Killed an orc warrior
  3299 | D:4      | Reached skill level 7 in Maces & Flails
  3299 | D:4      | Reached XP level 6. HP: 45/56 MP: 6/6
  3545 | D:4      | Reached XP level 7. HP: 46/62 MP: 7/7
  3770 | D:4      | Found an iron altar of Okawaru.
  3849 | D:4      | Found a white marble altar of Elyvilon.
  3878 | D:4      | Identified the +1 leather armour "Pycopec" {Slay+2}
  3949 | D:4      | Reached skill level 8 in Maces & Flails
  4225 | D:4      | Reached skill level 2 in Dodging
  4527 | D:5      | Entered Level 5 of the Dungeon
  4556 | D:5      | Found a staircase to the Ecumenical Temple.
  4650 | D:5      | You pick up a book of Annihilations {forbidden} and begin
                  | reading...
  4650 | D:5      | You add the spells Chain Lightning, Fire Storm and Shatter
                  | to your library.
  4751 | D:5      | Reached skill level 3 in Dodging
  4761 | D:5      | Reached XP level 8. HP: 69/69 MP: 8/8
  4775 | D:5      | HP: 17/69 [gnoll (3)]
  4924 | D:5      | HP: 25/103 [gnoll sergeant/+2 trident of freezing (1)]
  4926 | D:5      | Reached skill level 9 in Maces & Flails
  4930 | D:5      | HP: 16/69 [gnoll (2)]
  5294 | D:5      | HP: 17/69 [gnoll shaman/+0 club (5)]
  5687 | D:5      | Reached *** piety under Trog
  5735 | D:5      | Noticed Edmund
  5739 | D:5      | Reached skill level 4 in Dodging
  5739 | D:5      | Reached skill level 1 in Shields
  5748 | D:5      | Killed Edmund
  5855 | D:5      | Identified the +3 leather armour of Surprise {Str+3}
  5932 | D:5      | Reached skill level 2 in Shields
  6886 | D:6      | Reached XP level 9. HP: 62/75 MP: 9/9
  7113 | D:6      | Reached skill level 5 in Dodging
  7113 | D:6      | Reached skill level 3 in Shields
  7177 | D:6      | Identified a scroll of acquirement
  7177 | D:6      | Acquired the +0 barding of the Other Side {-Cast rElec
                  | Str+4}
  7283 | D:6      | Reached skill level 10 in Maces & Flails
  7712 | D:7      | Reached **** piety under Trog
  8156 | D:7      | Reached skill level 4 in Shields
  9178 | D:8      | Reached skill level 6 in Dodging
  9554 | D:8      | Reached XP level 10. HP: 75/84 MP: 10/10
 10183 | D:8      | Reached skill level 5 in Shields
 10448 | D:9      | Noticed a green ugly thing
 10456 | D:8      | Reached skill level 11 in Maces & Flails
 10456 | D:8      | HP: 31/126 [killer bee (1)]
 10461 | D:8      | HP: 15/126 [poisoned by a killer bee]
 10461 | D:8      | HP: 7/126 [killer bee (8)]
 10464 | D:8      | Slain by a killer bee

Vanquished Creatures
  A wyvern (D:8)
  A steam dragon (D:8)
  Edmund (D:5)
  A water moccasin (D:7)
  An ice beast (D:6)
  A sky beast (D:7)
  2 orc warriors
  A black bear (D:6)
  4 ogres
  A centaur (D:9)
  5 kobold brigands
  2 bullfrogs
  2 gnoll sergeants (D:5)
  A necrophage (D:7)
  2 scorpions (D:4)
  4 wights (D:8)
  5 killer bees (D:8)
  2 howler monkeys (D:8)
  A crimson imp (D:3)
  3 jellies
  2 orc priests
  8 hounds
  5 gnoll shamans
  3 iguanas
  2 orc wizards (D:7)
  36 gnolls
  10 adders
  2 white imps
  5 worms
  4 dart slugs
  20 orcs
  8 ball pythons
  4 bats
  7 endoplasms
  3 giant cockroaches
  4 goblins
  5 hobgoblins
  5 jackals (D:5)
  23 kobolds
  5 quokkas
  4 frilled lizards
  2 rats
208 creatures vanquished.

Table legend:
 A = Non-vault XP
 B = Vault XP
 C = Vault XP percentage of total XP
 D = Non-vault monster count
 E = Vault monster count
 F = Vault count percentage of total count
                 A         B        C        D         E       F
            +---------+---------+-------+---------+---------+-------
      Total |    4480 |    1167 |  20.7 |     163 |      45 |  21.6
            +---------+---------+-------+---------+---------+-------
        D:1 |      35 |       0 |   0.0 |      18 |       0 |   0.0
        D:2 |      61 |       0 |   0.0 |      15 |       0 |   0.0
        D:3 |      94 |      65 |  40.9 |      18 |       4 |  18.2
        D:4 |     748 |       0 |   0.0 |      30 |       0 |   0.0
        D:5 |     303 |     899 |  74.8 |      13 |      35 |  72.9
        D:6 |     841 |       0 |   0.0 |      27 |       0 |   0.0
        D:7 |     873 |     203 |  18.9 |      15 |       6 |  28.6
        D:8 |    1413 |       0 |   0.0 |      26 |       0 |   0.0
        D:9 |     112 |       0 |   0.0 |       1 |       0 |   0.0
            +---------+---------+-------+---------+---------+-------

Illustrated notes

Table legend:
 A = Kills in this place as a percentage of kills in entire the game.
 B = Kills by you in this place as a percentage of kills by you in the entire game.
 C = Kills by friends in this place as a percentage of kills by friends in the entire game.
 D = Other kills in this place as a percentage of other kills in the entire game.
 E = Experience gained in this place as a percentage of experience gained in the entire game.
 F = Experience gained in this place divided by the number of levels of this place that you have seen.
                   A       B       C       D       E      F
               +-------+-------+-------+-------+-------+----------------------
         Total | 100.0 | 100.0 |   N/A |   N/A | 100.0 | 627.4
       Dungeon | 100.0 | 100.0 |   N/A |   N/A | 100.0 | 627.4
               +-------+-------+-------+-------+-------+----------------------

Table legend: (Time is in decaauts)
 A = Elapsed time spent in this place.
 B = Non-inter-level travel time spent in this place.
 C = Inter-level travel time spent in this place.
 D = Time resting spent in this place.
 E = Time spent auto-exploring this place.
 F = Levels seen in this place.
 G = Mean time per level.
                   A        B        C        D        E       F      G
               +--------+--------+--------+--------+--------+-----+--------+
         Total |  12387 |  11885 |    502 |   2509 |   7842 |   9 | 1376.3 |
       Dungeon |  12387 |  11885 |    502 |   2509 |   7842 |   9 | 1376.3 |
               +--------+--------+--------+--------+--------+-----+--------+

Top non-repeatable levels by time:
     D:5: 2265 daAuts
     D:8: 1987 daAuts
     D:7: 1530 daAuts
     D:3: 1466 daAuts
     D:4: 1367 daAuts
     D:1: 1355 daAuts
     D:2: 1252 daAuts
     D:6: 1138 daAuts
     D:9: 25 daAuts
